Cogmind - Beta 16 @@@ ROGUE MODE // 2026.01.23 @ 10:07:15 Player: ae Result: Destroyed by L-61 Swordsman with Power Sword Performance ------------- Evolutions (6) 3000 Regions Visited (14) 2800 Robots Destroyed (128) 640 Value Destroyed (5074) 5074 Prototype IDs (8) 160 Alien Tech Used (0) 0 Bonus (3176) 3176 TOTAL SCORE: 14850 Bonus ------- High Alert Combat Kills 15 Follower Combat Kills 1061 Entered Garrisons 200 Used RIF Installer 500 Entered DSFs 500 Met Zhirov 300 Built Enhanced Grunts 300 Read Decrypted Archives 300 Cogmind --------- Core Integrity 0/1150 Matter 205/300 Energy 15/100 System Corruption 3% Temperature Cool (0) Movement Core (50) Location -4/Armory Parts ------- > --- POWER (1) -------- (None) > --- PROPULSION (7) --- (None) > --- UTILITY (7) ------ (None) > --- WEAPON (4) ------- (None) > --- INVENTORY (5) ---- Weapon Cycler Plasma Rifle Dispersion Rifle Matter Neutralizer Peak State ------------ > --- POWER ------------ Light Antimatter Reactor > --- PROPULSION ------- Flexi-carbon Leg Flexi-carbon Leg Flexi-carbon Leg Flexi-carbon Leg Myomer Leg Myomer Leg Myomer Leg > --- UTILITY ---------- Advanced Heat Sink Advanced Heat Sink Large Storage Unit Structural Scanner Nanoactuators Advanced Focal Shield Advanced Focal Shield > --- WEAPON ----------- Enhanced Force Lance Enhanced Force Lance Enhanced Force Lance Enhanced Force Lance > --- INVENTORY -------- Light Antimatter Reactor Advanced Sensor Array Advanced Recoil Stabilizer Weapon Cycler Field Laser Plasma Rifle Plasma Rifle Dispersion Rifle HERF Cannon Matter Neutralizer Railgun Railgun Railgun Railgun Hardcell Cannon [Rating: 122] Favorites ----------- Power Light Angular Momentum Engine Engine Light Angular Momentum Engine Power Core Neutrino Core Reactor Light Antimatter Reactor Propulsion Carbon-fiber Leg Treads Light Treads Leg Carbon-fiber Leg Wheel Wheel Utility Large Storage Unit Device Advanced Heat Sink Storage Large Storage Unit Processor Advanced Signal Interpreter Hackware Improved Hacking Suite Protection Layered Light Armor Plating Weapon KE Penetrator Energy Gun Heavy Laser Energy Cannon Proton Cannon Ballistic Gun KE Penetrator Ballistic Cannon Antimatter Cannon Launcher Rocket Launcher Piercing Weapon Heavy Pick Build | -11 -10 -9 -8 -8 -7 -7 -6 -6 -6 -6 -6 -5 -4 -4 ------- Run | Yrd Mat Mat Mat Gar Fac DSF Fac Ext Cet Arc Hub Fac Fac Arm Slots Evolved 12 | . . 2 2 . 2 . 2 . . . . 2 2 . Power . | . . . . . . . . . . . . . . . Propulsion 5 | . . 1 . . 1 . 2 . . . . . 1 . Utility 5 | . . . 1 . 1 . . . . . . 2 1 . Weapon 2 | . . 1 1 . . . . . . . . . . . Parts Attached 161 | 8 1 12 2 8 . . 17 17 6 . 27 3 33 27 Power 19 | 2 . 2 1 1 . . 2 2 1 . 2 . 2 4 Engine 10 | 2 . 2 1 1 . . 1 2 . . 1 . . . Core 2 | . . . . . . . 1 . . . 1 . . . Reactor 7 | . . . . . . . . . 1 . . . 2 4 Propulsion 55 | 2 . 3 . 2 . . 8 4 2 . 13 . 13 8 Treads 4 | . . 1 . 1 . . . . . . . . 1 1 Leg 36 | 2 . 2 . 1 . . 8 4 2 . 1 . 9 7 Wheel 15 | . . . . . . . . . . . 12 . 3 . Hover . | . . . . . . . . . . . . . . . Flight . | . . . . . . . . . . . . . . . Utility 45 | 2 1 1 1 3 . . 5 7 . . 7 3 9 6 Device 26 | 1 1 . 1 1 . . 2 5 . . 3 2 5 5 Storage 4 | 1 . 1 . . . . 1 . . . 1 . . . Processor 6 | . . . . . . . 1 1 . . . 1 3 . Hackware 1 | . . . . . . . . . . . 1 . . . Protection 8 | . . . . 2 . . 1 1 . . 2 . 1 1 Artifact . | . . . . . . . . . . . . . . . Weapon 42 | 2 . 6 . 2 . . 2 4 3 . 5 . 9 9 Energy Gun 13 | 1 . 3 . 1 . . . 1 2 . 3 . 1 1 Energy Cannon 4 | . . . . . . . . 1 . . 1 . 2 . Ballistic Gun 13 | 1 . 1 . . . . . 1 1 . . . 5 4 Ballistic Cannon 4 | . . . . . . . 2 1 . . . . 1 . Launcher 3 | . . 2 . 1 . . . . . . . . . . Special Weapon . | . . . . . . . . . . . . . . . Impact Weapon . | . . . . . . . . . . . . . . . Slashing Weapon . | . . . . . . . . . . . . . . . Piercing Weapon 5 | . . . . . . . . . . . 1 . . 4 Special Melee Weapon . | . . . . . . . . . . . . . . . Unidentified Prototypes 7 | . . 3 . . . . 1 . 1 . 2 . . . Parts Lost 86 | . . 1 . 11 . 6 1 7 2 10 6 . 17 25 Power 8 | . . . . 1 . . 1 . . 1 . . 1 4 Propulsion 36 | . . . . 4 . 2 . 4 . 5 4 . 6 11 Utility 21 | . . . . . . 3 . 1 . 2 . . 6 9 Weapon 21 | . . 1 . 6 . 1 . 2 2 2 2 . 4 1 Highest Loss Streak 15 | . . 1 . 6 . 6 1 4 2 10 3 . 14 15 To Critical Strikes 1 | . . . . . . . . . 1 . . . . . Average Backups 12 | 4 7 9 9 9 10 8 5 14 14 15 14 13 14 13 Power 1 | . 1 . 1 1 2 1 . 1 3 2 1 1 . 1 Propulsion 1 | 2 2 1 2 1 . . 1 1 . . . 1 1 . Utility 6 | . 1 3 3 5 8 5 2 7 8 10 10 8 6 2 Weapon 3 | 1 1 2 3 1 . . . 2 2 2 2 2 5 9 Tool/Special . | . . . . . . . . . . . . . . . Unused Backups 30 | . 2 2 1 1 . 3 . 8 2 . 2 . 5 4 Power 6 | . . . 1 . . 1 . 1 2 . . . 1 . Propulsion 5 | . 2 1 . . . . . 1 . . . . 1 . Utility 13 | . . . . 1 . 2 . 6 . . 2 . 2 . Weapon 5 | . . . . . . . . . . . . . 1 4 Tool/Special 1 | . . 1 . . . . . . . . . . . . Average Slot Usage (%) 92 | . 100 99 90 93 55 47 68 97 100 95 76 99 98 82 Engine 4 | . 14 11 9 9 7 5 3 6 . . . 5 1 . Reactor 1 | . . . . . . . . . 5 5 . . 3 4 Treads 1 | . . 3 . 11 7 2 . . . . . . . 1 Leg 28 | . 28 29 27 14 7 5 30 39 40 37 4 5 28 23 Wheel 3 | . . . . . . . . . . . 22 29 6 . Device 10 | . 14 11 18 9 7 8 5 7 6 5 4 13 14 21 Storage 6 | . 14 11 9 9 7 5 5 6 6 6 6 5 5 4 Processor 4 | . . . . . . . 5 6 6 6 6 5 8 3 Protection 4 | . . . . 8 9 10 5 5 6 5 4 8 5 1 Energy Gun 7 | . 14 20 18 15 7 5 . 4 12 13 12 11 . 3 Energy Cannon 1 | . . . . . . . . 1 . . 3 5 . 3 Ballistic Gun 7 | . 14 11 9 7 . . . 3 12 12 . . 15 5 Ballistic Cannon 3 | . . . . . . . 6 12 . . . . . . Piercing Weapon 1 | . . . . . . . . . . . 3 5 2 7 Peak Build Rating 122 | 7 7 18 19 26 19 19 52 68 74 74 66 66 118 122 Average Rating 58 | 4 6 14 18 22 17 13 38 64 70 69 49 65 98 91 On Entrance 34 | . 7 7 18 19 17 19 1 52 68 74 28 62 65 80 Avg Prop Armor Cover (%) 6 | . . 9 . 4 7 5 . . . . 4 3 8 6 Naked Turns 10 | . . . . . . 9 . . . . . . . 1 Heaviest Build 77 | 15 15 28 30 37 32 32 50 64 68 68 63 60 77 72 Greatest Support 155 | 20 20 30 30 40 20 20 108 108 100 100 84 62 151 155 Greatest Overweight (x) 4 | 3 . 1 . 1 1 4 . . . 1 2 . 3 2 Average Overweight (x) . | . . . . . 1 . . . . . . . . . Largest Inventory Capacity 15 | 8 8 10 10 10 10 10 15 15 15 15 15 15 15 15 Average Capacity 13 | 7 8 9 10 10 10 8 14 15 15 15 15 15 15 14 Most Carried 15 | 7 8 10 10 10 10 10 10 15 15 15 15 15 15 15 Average Carried 12 | 4 7 9 9 9 9 7 5 14 14 15 14 13 14 13 Final Capacity 15 | 8 8 10 10 10 10 5 15 15 15 15 15 15 15 5 Final Carried 15 | 6 8 10 10 10 9 5 10 14 15 15 14 15 11 4 Class Distribution -------------------- 28% | Scavenger-Tank 17% | Mutant 13% | Scavenger-Assassin 10% | Skirmisher 8% | Scavenger-Skirmisher 5% | Tank 5% | Scavenger-Mutant 4% | Commander-Tank 4% | Scavenger-Gunner Dominant Class ---------------- Mutant | -10/Materials Skirmisher | -9/Materials Skirmisher | -8/Materials Tank | -8/Garrison Mutant | -7/Factory Mutant | -7/DSF Mutant | -6/Factory Scavenger-Tank | -6/Extension Scavenger-Tank | -6/Cetus Scavenger-Tank | -6/Archives Scavenger-Tank | -6/Hub_04(d) Scavenger-Assassin | -5/Factory Scavenger-Assassin | -4/Factory Scavenger-Skirmisher | -4/Armory Resources | -11 -10 -9 -8 -8 -7 -7 -6 -6 -6 -6 -6 -5 -4 -4 ----------- Run | Yrd Mat Mat Mat Gar Fac DSF Fac Ext Cet Arc Hub Fac Fac Arm Matter Collected 4420 | 286 46 251 . 275 . . 383 1059 128 40 285 . 1288 379 Remotely 98 | 98 . . . . . . . . . . . . . . Salvage Created 6229 | 94 227 610 . 593 . . 256 903 218 40 1300 . 1534 454 Parts 259 | 1 13 38 . 25 . . 5 29 8 4 54 . 62 20 Haulers Intercepted 4 | . . 3 . . . . . . . . 1 . . . Recyclers Shooed 2 | . . 2 . . . . . . . . . . . . Parts Field Recycled 2 | . . . . . . . . 2 . . . . . . Retrieved Matter 5 | . . . . . . . . 5 . . . . . . Parts Self-Destructed . | . . . . . . . . . . . . . . . Prevented . | . . . . . . . . . . . . . . . Parts Restored . | . . . . . . . . . . . . . . . Kills | -11 -10 -9 -8 -8 -7 -7 -6 -6 -6 -6 -6 -5 -4 -4 ------- Run | Yrd Mat Mat Mat Gar Fac DSF Fac Ext Cet Arc Hub Fac Fac Arm Combat Hostiles Destroyed 81 | . 3 7 . 16 . . 3 20 3 . 7 . 16 6 Melee 9 | . . . . . . . . . . . 3 . 1 5 Guns 37 | . 3 5 . 4 . . . 6 3 . 3 . 12 1 Cannons 20 | . . . . . . . 3 14 . . 1 . 2 . AOE 14 | . . 2 . 11 . . . . . . . . 1 . Classes Destroyed 14 | 1 3 5 . 1 . . 1 1 . . 1 . 1 . Worker 12 | . 1 2 . . . . . . . . 7 . 2 . Builder 9 | . . 1 . . . . . 2 . . 4 . 2 . Tunneler 1 | . . . . . . . . . . . 1 . . . Hauler 4 | . . 3 . . . . . . . . 1 . . . Recycler 11 | 1 . 1 . . . . 2 . . . 4 . 3 . Mechanic 1 | . . 1 . . . . . . . . . . . . Operator 3 | . 1 1 . . . . . 1 . . . . . . Watcher 6 | . . 1 . . . . . 3 1 . . . 1 . Grunt 55 | . 3 5 . 11 . . 2 15 2 . 7 . 6 4 Duelist 3 | . . . . . . . 1 . . . . . 1 1 Sentry 11 | . . 2 . 2 . . . 4 . . . . 2 1 Hunter 2 | . . . . . . . . . . . . . 2 . Programmer 8 | . . . . 3 . . . . . . . . 5 . Behemoth 1 | . . . . . . . . 1 . . . . . . Cetus Guard 1 | . . . . . . . . . 1 . . . . . Best Kill Streak 13 | 1 2 5 . 6 . . 4 13 2 . 8 . 7 3 Combat Bots Only 11 | . 2 2 . 6 . . 3 11 2 . 3 . 3 3 Max Kills in Single Turn 4 | 1 1 4 . 2 . . 1 1 1 . 1 . 2 1 Gunslinging . | . . . . . . . . . . . . . . . Exploded 2 | . . 2 . 2 . . . . . . . . 1 . Melee 1 | . . . . . . . . . . . 1 . 1 1 Uniques/NPCs Destroyed . | . . . . . . . . . . . . . . . Combat | -11 -10 -9 -8 -8 -7 -7 -6 -6 -6 -6 -6 -5 -4 -4 -------- Run | Yrd Mat Mat Mat Gar Fac DSF Fac Ext Cet Arc Hub Fac Fac Arm Hostile Shots Fired 870 | . 11 32 . 88 . 68 30 174 15 . 52 . 288 112 Missed 272 | . 2 6 . 27 . 22 12 52 5 . 11 . 118 17 Hits 598 | . 9 26 . 61 . 46 18 122 10 . 41 . 170 95 Melee 57 | . . . . . . . 5 . . . . . 1 51 Projectile 541 | . 9 26 . 61 . 46 13 122 10 . 41 . 169 44 AOE 1 | . . . . . . . . . . . . . 1 . Critical Strikes 40 | . . . . 1 . 3 2 6 1 . 4 . 9 14 Damage Taken 13920 | . 102 323 . 1431 . 750 421 1604 216 1518 750 . 3759 3046 Core 2322 | . 23 10 . 135 . 448 19 125 . 238 170 . 262 892 Absorbed by Shields 80 | . . . . . . . . 29 51 . . . . . Redirected to Shielding 101 | . . . . . . . . . . . . . . 101 Regen/Repaired (Parts) 107 | . 25 82 . . . . . . . . . . . . Core Remaining (%) 76 | 100 90 97 . 75 . 36 . . . . 35 100 . . Volleys Fired 276 | 2 13 33 . 27 . . 23 59 38 10 10 . 51 10 Largest 4 | 2 2 3 . 4 . . 1 4 4 1 4 . 4 4 Hottest 260 | 70 70 113 . 153 . . 33 217 210 33 260 . 146 211 Shots Fired 715 | 4 26 83 . 70 . . 23 187 57 10 32 . 199 24 Gun 507 | 4 26 81 . 47 . . . 61 52 10 22 . 181 23 Cannon 183 | . . . . . . . 23 126 5 . 10 . 18 1 Launcher 25 | . . 2 . 23 . . . . . . . . . . Special . | . . . . . . . . . . . . . . . Kinetic 454 | 2 13 25 . 16 . . 23 134 15 10 . . 199 17 Thermal 169 | 2 13 24 . 6 . . . 46 40 . 32 . . 6 Explosive 25 | . . 2 . 23 . . . . . . . . . . Electromagnetic 67 | . . 32 . 25 . . . 7 2 . . . . 1 Robot Hit Streak 15 | 4 13 12 . 9 . . 7 15 9 12 7 . 10 5 Robot Miss Streak 5 | . 2 4 . 4 . . 2 3 3 . 2 . 5 2 Penetration Max 2 | . . . . . . . . 1 . 1 . . 1 2 Secondary Targets 3 | . . 1 . . . . . . 1 . . . 1 . Max Gunslinging Chain 1 | . . 1 . . . . . . 1 . . . 1 . Shots Hit Robots 502 | 4 19 49 . 45 . . 16 129 18 10 55 . 118 39 Core Hits 285 | 2 10 33 . 31 . . 8 69 21 6 26 . 62 17 Critical Kills 4 | . . . . . . . . 1 1 1 . . 1 . Critical Parts Destroyed 10 | . . . . . . . . 2 . 4 . . 4 . Critical Strikes 38 | . 3 2 . 1 . . 1 9 2 5 5 . 6 4 Burn 10 | . 3 2 . 1 . . . 3 . . 1 . . . Destroy 15 | . . . . . . . . 3 1 5 . . 5 1 Blast 6 | . . . . . . . 1 3 1 . . . 1 . Impale 7 | . . . . . . . . . . . 4 . . 3 Melee Attacks 83 | . . . . . . . . . . . 41 3 12 27 Impact . | . . . . . . . . . . . . . . . Slashing . | . . . . . . . . . . . . . . . Piercing 83 | . . . . . . . . . . . 41 3 12 27 Sneak Attacks 21 | . . . . . . . . . . . 19 . 1 1 Combat Hostiles 1 | . . . . . . . . . . . . . 1 . Follow-up Attacks 9 | . . . . . . . . . . . . . . 9 Damage Inflicted 14844 | 45 237 900 . 1587 . . 574 3192 356 80 2304 . 4122 1447 Guns 6617 | 45 235 703 . 534 . . . 766 291 80 333 . 3126 504 Cannons 3635 | . . . . . . . 574 2426 65 . 193 . 344 33 Explosions 1820 | . . 197 . 1053 . . . . . . . . 570 . Melee 2770 | . . . . . . . . . . . 1778 . 82 910 Ramming 2 | . 2 . . . . . . . . . . . . . Kinetic 7639 | 21 111 180 . 164 . . 574 2413 220 80 . . 3470 406 Thermal 1991 | 24 124 241 . 165 . . . 677 136 . 526 . . 98 Explosive 1707 | . . 175 . 962 . . . . . . . . 570 . Electromagnetic 735 | . . 304 . 296 . . . 102 . . . . . 33 Impact . | . . . . . . . . . . . . . . . Slashing . | . . . . . . . . . . . . . . . Piercing 2770 | . . . . . . . . . . . 1778 . 82 910 Highest Corruption 6 | . . 1 . 6 . . . . . . . . 3 3 Average Corruption 2 | . . 1 . 6 . . . . . . . . 2 3 Corruption Purged . | . . . . . . . . . . . . . . . Corruption Blocked . | . . . . . . . . . . . . . . . Effects 20 | . . 1 . 3 . . . . . . . . 8 8 Message Errors 4 | . . . . . . . . . . . . . 1 3 Matter Fused 6 | . . . . 1 . . . . . . . . 3 2 Heat Flow Errors 2 | . . . . 1 . . . . . . . . . 1 Energy Discharges 4 | . . . . 1 . . . . . . . . 1 2 Data Loss (minor) 2 | . . 1 . . . . . . . . . . 1 . Data Loss (major) 1 | . . . . . . . . . . . . . 1 . Weapon Failures 1 | . . . . . . . . . . . . . 1 . Overload Shots . | . . . . . . . . . . . . . . . Overflow Damage 662 | . . . . 44 . . 34 72 . . 408 . 45 59 Projectiles 117 | . . . . . . . 34 72 . . . . 11 . Explosions 78 | . . . . 44 . . . . . . . . 34 . Melee 467 | . . . . . . . . . . . 408 . . 59 Knockbacks 55 | . . . . . . . 8 41 . . . . 6 . Impact . | . . . . . . . . . . . . . . . Kinetic 52 | . . . . . . . 8 40 . . . . 4 . Secondary 3 | . . . . . . . . 1 . . . . 2 . Self-Inflicted Damage 403 | . . . . 321 . . . . . . . . 82 . Shots 11 | . . . . 9 . . . . . . . . 2 . Rammed . | . . . . . . . . . . . . . . . Targets Rammed 1 | . 1 . . . . . . . . . . . . . Kicked 1 | . 1 . . . . . . . . . . . . . Crushed . | . . . . . . . . . . . . . . . Highest Temperature 406 | 18 105 269 . 321 . . 20 354 228 . 406 . 126 221 Average Temperature 83 | 10 33 68 . 121 . . 2 100 70 . 144 . 39 95 Received Heat Transfer 2915 | . 54 150 . 423 . 45 153 738 21 . 378 . 773 180 Effects 5 | . . . . 1 . . . 1 . . 3 . . . Shutdowns 1 | . . . . . . . . . . . 1 . . . Energy Bleed 1 | . . . . 1 . . . . . . . . . . Interference 3 | . . . . . . . . 1 . . 2 . . . Siege Activations . | . . . . . . . . . . . . . . . Martial Activations . | . . . . . . . . . . . . . . . Shielding Activations . | . . . . . . . . . . . . . . . Robots Disrupted . | . . . . . . . . . . . . . . . Combat Hostiles . | . . . . . . . . . . . . . . . Robots Corrupted 1 | . . . . . . . . 1 . . . . . . Combat Hostiles . | . . . . . . . . . . . . . . . Parts Fried 1 | . . . . . . . . 1 . . . . . . Impact Corruptions 2 | . . . . . . . . 2 . . . . . . Robots Melted . | . . . . . . . . . . . . . . . Combat Hostiles . | . . . . . . . . . . . . . . . Parts Melted 9 | . 2 2 . 1 . . . . . . 4 . . . Heat Transferred 4739 | 74 592 781 . 322 . . . 1554 298 . 970 . . 148 Parts Sabotaged . | . . . . . . . . . . . . . . . Parts Stolen . | . . . . . . . . . . . . . . . Parts Stripped . | . . . . . . . . . . . . . . . Power Chain Reactions 3 | . . 1 . 2 . . . . . . . . . . Alert | -11 -10 -9 -8 -8 -7 -7 -6 -6 -6 -6 -6 -5 -4 -4 ------- Run | Yrd Mat Mat Mat Gar Fac DSF Fac Ext Cet Arc Hub Fac Fac Arm Maximum Alert Level 2 | . . . . 2 1 . . 2 1 2 . . 1 . Low Security (%) 65 | 100 100 100 100 30 20 100 100 41 . 69 100 100 56 100 Level 1 29 | . . . . 66 80 . . 37 100 18 . . 43 . Level 2 5 | . . . . 2 . . . 21 . 11 . . . . Level 3 . | . . . . . . . . . . . . . . . Level 4 . | . . . . . . . . . . . . . . . Level 5 . | . . . . . . . . . . . . . . . High Security . | . . . . . . . . . . . . . . . Max Security . | . . . . . . . . . . . . . . . Peak Influence 455 | 5 50 116 6 413 205 136 72 455 387 443 155 66 314 98 Initial 240 | . . . 6 . 205 136 39 . 240 115 95 64 16 98 Average 140 | . 13 57 2 224 202 114 18 208 319 180 63 53 167 26 Influence Increases 3999 | 5 100 312 . 503 . . 105 932 307 448 346 19 767 155 Destroy 0b10 Robot/C 2060 | . 60 140 . 320 . . 60 560 140 200 140 . 320 120 Destroy 0b10 Robot/NC 255 | 5 20 50 . . . . 10 30 5 10 85 . 40 . Destroy Leader 278 | . 20 48 . . . . 10 76 10 . 12 . 82 20 Allied During Kill 483 | . . . . . . . . 142 131 210 . . . . Successful Hack 69 | . . 13 . 14 . . 4 14 3 . 16 . 5 . Disable Machine 285 | . . 45 . . . . 15 30 . 15 30 15 135 . Destroy Structure 359 | . . 16 . 139 . . 6 35 3 13 3 4 140 . Lose Combat Pursuer 210 | . . . . 30 . . . 45 15 . 60 . 45 15 Influence Decreases 3999 | 5 100 296 16 110 198 119 181 502 448 464 487 118 598 357 Entered New Map 1025 | . . . 10 . 188 59 37 . 190 174 178 68 17 104 Time Decay 2141 | 5 100 286 6 . 10 . 144 442 198 70 267 50 411 152 Lost Part 673 | . . 10 . 110 . 60 . 60 20 100 42 . 170 101 Lost Ally 160 | . . . . . . . . . 40 120 . . . . Squads Dispatched 16 | . 2 1 . . . 1 1 4 1 . 1 . 4 1 Investigation 4 | . 1 . . . . . . 2 1 . . . . . Extermination 5 | . . . . . . . 1 . . . . . 3 1 Reinforcement 7 | . 1 1 . . . 1 . 2 . . 1 . 1 . Assault . | . . . . . . . . . . . . . . . Garrison . | . . . . . . . . . . . . . . . Intercept . | . . . . . . . . . . . . . . . Searches Triggered . | . . . . . . . . . . . . . . . Construction Impeded 2 | . . . . . . . . 1 . . . . 1 . Haulers Reinforced . | . . . . . . . . . . . . . . . Active Scanning Responses . | . . . . . . . . . . . . . . . Cargo Convoy Interrupts . | . . . . . . . . . . . . . . . Stealth | -11 -10 -9 -8 -8 -7 -7 -6 -6 -6 -6 -6 -5 -4 -4 --------- Run | Yrd Mat Mat Mat Gar Fac DSF Fac Ext Cet Arc Hub Fac Fac Arm Distress Signals 8 | . . 1 . . . . . 2 1 . 2 . 2 . Communications Jammed 1 | . . . . . . . . . . . . . 1 . Distress Signals . | . . . . . . . . . . . . . . . Times Spotted 167 | . 5 12 1 16 . 3 5 33 7 13 22 1 37 12 Peak Tracking Total 16 | . 2 4 2 6 . 4 4 6 5 16 7 4 12 6 Tactical Retreats 10 | . . . . 2 . . . 2 1 . 2 . 2 1 Traps | -11 -10 -9 -8 -8 -7 -7 -6 -6 -6 -6 -6 -5 -4 -4 ------- Run | Yrd Mat Mat Mat Gar Fac DSF Fac Ext Cet Arc Hub Fac Fac Arm Traps Triggered 8 | . 1 1 . 1 . . . 1 . . 1 . 3 . Indirectly . | . . . . . . . . . . . . . . . Trap Hack Attempts . | . . . . . . . . . . . . . . . Triggered . | . . . . . . . . . . . . . . . Disarmed . | . . . . . . . . . . . . . . . Reprogrammed . | . . . . . . . . . . . . . . . Reused . | . . . . . . . . . . . . . . . Traps Extracted . | . . . . . . . . . . . . . . . Installed . | . . . . . . . . . . . . . . . Triggered . | . . . . . . . . . . . . . . . Machines | -11 -10 -9 -8 -8 -7 -7 -6 -6 -6 -6 -6 -5 -4 -4 ---------- Run | Yrd Mat Mat Mat Gar Fac DSF Fac Ext Cet Arc Hub Fac Fac Arm Machines Disabled 22 | . . 3 . 1 . . 1 4 . 1 2 1 9 . Max in Single Turn 2 | . . 1 . 1 . . 1 1 . . 1 1 2 . Garrison Access 1 | . . . . . . . . . . . . . 1 . Machines Repaired . | . . . . . . . . . . . . . . . Machines Dismantled . | . . . . . . . . . . . . . . . Machines Sabotaged . | . . . . . . . . . . . . . . . Overloaded Fab Kills . | . . . . . . . . . . . . . . . Hacking | -11 -10 -9 -8 -8 -7 -7 -6 -6 -6 -6 -6 -5 -4 -4 --------- Run | Yrd Mat Mat Mat Gar Fac DSF Fac Ext Cet Arc Hub Fac Fac Arm Machines Accessed 33 | . 3 4 1 1 1 . 2 9 3 1 4 . 3 1 Terminals 25 | . 1 2 . 1 1 . 2 9 3 . 4 . 1 1 Fabricators . | . . . . . . . . . . . . . . . Repair Stations 2 | . 1 1 . . . . . . . . . . . . Recycling Units 3 | . 1 1 . . . . . . . . . . 1 . Scanalyzers . | . . . . . . . . . . . . . . . Garrison Access 2 | . . . 1 . . . . . . . . . 1 . Total Hacks 98 | . 7 13 1 1 2 . 3 23 8 25 11 . 3 1 Successful 62 | . 4 7 1 1 1 . 1 10 1 25 8 . 3 . Failed 36 | . 3 6 . . 1 . 2 13 7 . 3 . . 1 Catastrophic 5 | . . . . . . . . 2 1 . 1 . . 1 Database Lockouts . | . . . . . . . . . . . . . . . Manual 33 | . 2 7 . . . . 2 11 2 . 8 . . 1 Terminals 59 | . 2 7 . 1 2 . 3 23 8 . 11 . 1 1 Fabricators . | . . . . . . . . . . . . . . . Repair Stations 5 | . 2 3 . . . . . . . . . . . . Recycling Units 7 | . 3 3 . . . . . . . . . . 1 . Scanalyzers . | . . . . . . . . . . . . . . . Garrison Access 2 | . . . 1 . . . . . . . . . 1 . Terminal Hacks 41 | . . 1 . 1 1 . 1 6 1 25 4 . 1 . Record 27 | . . . . . . . . 1 1 25 . . . . Part Schematic 1 | . . 1 . . . . . . . . . . . . Open Door 4 | . . . . . . . 1 3 . . . . . . Open DSF 2 | . . . . . 1 . . . . . . . 1 . Branch Access Points 1 | . . . . . . . . . . . 1 . . . Locate Traps 1 | . . . . . . . . . . . 1 . . . Hauler Manifests 2 | . . . . . . . . 2 . . . . . . Zone Layout 2 | . . . . . . . . . . . 2 . . . Garrison Registry 1 | . . . . 1 . . . . . . . . . . Fabricator Hacks . | . . . . . . . . . . . . . . . Repair Station Hacks 4 | . 2 2 . . . . . . . . . . . . Scan Component 2 | . 1 1 . . . . . . . . . . . . Repair 2 | . 1 1 . . . . . . . . . . . . Recycling Unit Hacks 5 | . 2 2 . . . . . . . . . . 1 . Report Inventory 3 | . 1 1 . . . . . . . . . . 1 . Retrieve Components 2 | . 1 1 . . . . . . . . . . . . Scanalyzer . | . . . . . . . . . . . . . . . Garrison Access Hacks 2 | . . . 1 . . . . . . . . . 1 . Unlock Access 1 | . . . 1 . . . . . . . . . . . Seal Access 1 | . . . . . . . . . . . . . 1 . Unauthorized Hacks 10 | . . 2 . . . . . 4 . . 4 . . . Terminals 10 | . . 2 . . . . . 4 . . 4 . . . Botnet 10 | . . 2 . . . . . 4 . . 4 . . . Fabricators . | . . . . . . . . . . . . . . . Repair Stations . | . . . . . . . . . . . . . . . Recycling Units . | . . . . . . . . . . . . . . . Scanalyzers . | . . . . . . . . . . . . . . . Garrison Access . | . . . . . . . . . . . . . . . Data Cores Recovered . | . . . . . . . . . . . . . . . Used . | . . . . . . . . . . . . . . . Hacking Detections 24 | . 2 4 . 1 1 . 2 5 4 . 4 . . 1 Full Trace Events 3 | . . . . . . . . 2 1 . . . . . Feedback Events . | . . . . . . . . . . . . . . . Feedback Blocked . | . . . . . . . . . . . . . . . Robot Schematics Acquired . | . . . . . . . . . . . . . . . Robots Built . | . . . . . . . . . . . . . . . Authchips . | . . . . . . . . . . . . . . . Time . | . . . . . . . . . . . . . . . Total Robot Build Rating . | . . . . . . . . . . . . . . . Part Schematics Acquired 1 | . . 1 . . . . . . . . . . . . Parts Built . | . . . . . . . . . . . . . . . Authchips . | . . . . . . . . . . . . . . . Time . | . . . . . . . . . . . . . . . Total Part Build Rating . | . . . . . . . . . . . . . . . Part Studies Acquired . | . . . . . . . . . . . . . . . Parts Repaired 2 | . 1 1 . . . . . . . . . . . . Time 64 | . 32 32 . . . . . . . . . . . . Parts Recycled . | . . . . . . . . . . . . . . . Recycled Matter . | . . . . . . . . . . . . . . . Retrieved Matter . | . . . . . . . . . . . . . . . Retrieved Components 8 | . 6 2 . . . . . . . . . . . . Parts Scanalyzed . | . . . . . . . . . . . . . . . Part Schematics Acquired . | . . . . . . . . . . . . . . . Parts Damaged . | . . . . . . . . . . . . . . . Bothacking | -11 -10 -9 -8 -8 -7 -7 -6 -6 -6 -6 -6 -5 -4 -4 ------------ Run | Yrd Mat Mat Mat Gar Fac DSF Fac Ext Cet Arc Hub Fac Fac Arm Used RIF Installer 1 | . . . . 1 . . . . . . . . . . Robots Hacked . | . . . . . . . . . . . . . . . Non-combat . | . . . . . . . . . . . . . . . Combat . | . . . . . . . . . . . . . . . Robot Hacks Applied . | . . . . . . . . . . . . . . . Relay Couplers Released . | . . . . . . . . . . . . . . . Fabnet Peak Effective % . | . . . . . . . . . . . . . . . Robots Rewired 7 | . . . . . . . . 7 . . . . . . Allies Hacked . | . . . . . . . . . . . . . . . Hacks Repelled . | . . . . . . . . . . . . . . . Allies | -11 -10 -9 -8 -8 -7 -7 -6 -6 -6 -6 -6 -5 -4 -4 -------- Run | Yrd Mat Mat Mat Gar Fac DSF Fac Ext Cet Arc Hub Fac Fac Arm Total Allies 15 | . . . . . . . . 10 5 . . . . . Largest Group 11 | . . . . . . . . 8 11 11 . . . . Highest-Rated Group 783 | . . . . . . . . 362 783 783 . . . . Highest-Rated Ally 159 | . . . . . . . . 159 159 159 . . . . Total Orders . | . . . . . . . . . . . . . . . Ally Attacks 188 | . . . . . . . . 96 36 56 . . . . Total Damage 4868 | . . . . . . . . 1672 899 2297 . . . . Kills 26 | . . . . . . . . 10 4 12 . . . . Allies Corrupted . | . . . . . . . . . . . . . . . Allies Melted . | . . . . . . . . . . . . . . . Intel | -11 -10 -9 -8 -8 -7 -7 -6 -6 -6 -6 -6 -5 -4 -4 ------- Run | Yrd Mat Mat Mat Gar Fac DSF Fac Ext Cet Arc Hub Fac Fac Arm Active Infowar (turns) 3625 | . 293 729 56 6 . . 321 350 . . . 104 1363 403 Optics 948 | . . . . . . . . . . . . . 948 . Sensors 2197 | . . . . . . . 321 350 . . . 46 1185 295 Structural 2738 | . 293 729 56 6 . . . . . . . 104 1151 399 Jamming 81 | . . . . . . . . . . . . . 79 2 Robot Analysis Total . | . . . . . . . . . . . . . . . Derelict Logs Recovered . | . . . . . . . . . . . . . . . Drone Launches . | . . . . . . . . . . . . . . . Drone Recoveries . | . . . . . . . . . . . . . . . Exploration | -11 -10 -9 -8 -8 -7 -7 -6 -6 -6 -6 -6 -5 -4 -4 ------------- Run | Yrd Mat Mat Mat Gar Fac DSF Fac Ext Cet Arc Hub Fac Fac Arm Turns Passed 7317 | 83 324 729 56 512 25 49 483 1834 417 145 584 104 1491 481 Spaces Moved 3913 | 47 177 281 41 225 11 31 318 1003 191 95 269 99 875 250 Core 36 | 17 . . . . . 19 . . . . . . . . Treads 205 | . . 22 . 164 11 8 . . . . . . . . Legs 3059 | 30 177 259 41 61 . 4 318 1003 191 95 85 . 545 250 Wheels 613 | . . . . . . . . . . . 184 99 330 . Hover . | . . . . . . . . . . . . . . . Flight . | . . . . . . . . . . . . . . . Fastest Speed 50 | 50 120 120 120 120 240 50 125 121 121 121 84 88 88 120 Average Speed 124 | 118 120 137 120 176 240 134 127 123 121 126 122 88 111 122 Slowest Speed 330 | 200 120 190 120 240 240 330 130 125 121 190 190 88 260 260 Overloaded Moves . | . . . . . . . . . . . . . . . Propulsion Burnouts . | . . . . . . . . . . . . . . . Robots Hopped . | . . . . . . . . . . . . . . . Potential Cave-ins . | . . . . . . . . . . . . . . . Cave-ins Triggered 1 | . . . . 1 . . . . . . . . . . Exploration Rate (%) 30 | 4 27 26 7 40 1 41 9 82 63 85 31 2 22 14 Regions Visited 14 Branch Regions 5 Pre-discovered Areas . | . . . . . . . . . . . . . . . Known Exits Taken 9 | . . . 1 . 1 . 1 1 1 1 1 1 1 . Unknown Exits Taken 3 | 1 1 1 . . . . . . . . . . . . Scrap Searched . | . . . . . . . . . . . . . . . Spaces Dug 8 | . . . . . . . . . . . . 2 6 . Terrain Destroyed 256 | . . 15 . 115 . . 6 23 1 . 2 2 92 . Melee 8 | . . . . . . . . . . . . 2 6 . Projectile 77 | . . . . . . . 6 23 1 . 2 . 45 . AOE 170 | . . 15 . 115 . . . . . . . . 40 . Terrain Rammed . | . . . . . . . . . . . . . . . Walls Destroyed . | . . . . . . . . . . . . . . . Machines Disabled . | . . . . . . . . . . . . . . . Actions | -11 -10 -9 -8 -8 -7 -7 -6 -6 -6 -6 -6 -5 -4 -4 --------- Run | Yrd Mat Mat Mat Gar Fac DSF Fac Ext Cet Arc Hub Fac Fac Arm Total 5733 | 66 264 560 48 287 11 40 371 1489 330 111 409 109 1266 372 Wait 986 | 4 62 213 . 16 . . 5 315 86 . 36 . 205 44 Move 3900 | 46 176 280 41 224 10 30 317 1002 190 94 268 98 874 250 Hop . | . . . . . . . . . . . . . . . Pick Up 115 | 6 5 9 2 7 . 3 8 21 5 2 7 3 26 11 Fast Attach 68 | 6 1 2 1 . . . 9 2 . . 18 1 15 13 Attach 57 | 1 . 4 1 8 1 1 5 7 2 . 4 2 13 8 Detach 9 | . 1 . 1 . . 1 . . . . 1 1 2 2 Swap 97 | 1 . 10 . 4 . . 4 16 4 . 11 1 33 13 Drop 96 | . 3 9 2 1 . 5 . 18 5 2 13 . 35 3 Fire 276 | 2 13 33 . 27 . . 23 59 38 10 10 . 51 10 Melee 74 | . . . . . . . . . . . 41 3 12 18 Ram . | . . . . . . . . . . . . . . . Kick 1 | . 1 . . . . . . . . . . . . . Crush . | . . . . . . . . . . . . . . . Escape Stasis 1 | . . . . . . . . 1 . . . . . . Rewire 53 | . 2 . . . . . . 48 . 3 . . . . Trap . | . . . . . . . . . . . . . . . Miscellaneous . | . . . . . . . . . . . . . . . Route ------- -11/Scrapyard -10/Materials -9/Materials -8/Materials -8/Garrison (discovered 3 exits: *Fac x3) -7/Factory -7/DSF -6/Factory -6/Extension (discovered 3 exits: *Fac x2 / *Cet) -6/Cetus -6/Archives (discovered 2 exits: *Hub x2) -6/Hub_04(d) -5/Factory -4/Factory -4/Armory History --------- Turn | Location | Event 32 | -11/Scrapyard | Discovered new exit (range 15) 84 | -11/Scrapyard | Entered Materials 324 | -10/Materials | Build established: Mutant 355 | -10/Materials | Discovered new exit (range 7) 400 | -10/Materials | Repaired Rocket Launcher 408 | -10/Materials | Entered another Materials area 408 | -9/Materials | Evolved 2 slots: Propulsion x1, Weapon x1 756 | -9/Materials | Repaired Hrd. Light Armor Plating 772 | -9/Materials | Build established: Skirmisher 1072 | -9/Materials | Discovered new exit (range 8) 1137 | -9/Materials | Entered another Materials area 1137 | -8/Materials | Evolved 2 slots: Utility x1, Weapon x1 1193 | -8/Materials | Identified exit to Garrison 1193 | -8/Materials | Entered Garrison 1223 | -8/Garrison | Discovered new exit (range 56) 1223 | -8/Garrison | Discovered new exit (range 81) 1223 | -8/Garrison | Discovered new exit (range 63) 1329 | -8/Garrison | Triggered checkpoint 1333 | -8/Garrison | Triggered checkpoint 1342 | -8/Garrison | Triggered checkpoint 1395 | -8/Garrison | Lost 5 parts (1p2n2w) 1500 | -8/Garrison | Build established: Tank 1561 | -8/Garrison | Installed Relay Interface Framework 1639 | -8/Garrison | Crushed by falling debris 1670 | -8/Garrison | Lost 6 parts (2n4w) 1705 | -8/Garrison | Entered Factory 1705 | -7/Factory | Evolved 2 slots: Propulsion x1, Utility x1 1727 | -7/Factory | Identified exit to DSF 1730 | -7/Factory | Entered DSF 1761 | -7/DSF | Additional patrols routed to DSF 1772 | -7/DSF | Discovered new exit (range 12) 1774 | -7/DSF | Core integrity fell below 50% 1779 | -7/DSF | Entered Factory 1779 | -6/Factory | Evolved 2 slots: Propulsion x2 1801 | -6/Factory | Lost 6 parts (2n3u1w) 1924 | -6/Factory | Build established: Mutant 2250 | -6/Factory | Discovered new exit (range 10) 2259 | -6/Factory | Identified exit to Extension 2262 | -6/Factory | Entered Extension 3030 | -6/Extension | Lost 4 parts (3n1w) 3066 | -6/Extension | Destroyed 11 combat bots 3457 | -6/Extension | Build established: Commander-Tank 3486 | -6/Extension | Spotted B-75 Beast 3498 | -6/Extension | Spotted B-75 Beast 3499 | -6/Extension | Destroyed B-75 Beast 3506 | -6/Extension | Allies destroyed B-75 Beast 3538 | -6/Extension | Discovered new exit (range 5) 3542 | -6/Extension | Identified exit to Factory 3650 | -6/Extension | Rescued A7 3777 | -6/Extension | Build established: Scavenger-Tank 3910 | -6/Extension | Discovered exit to Factory (range 16) 3911 | -6/Extension | Discovered new exit (range 15) 3963 | -6/Extension | Rescued a captive Derelict 3964 | -6/Extension | Rescued a captive Derelict 4093 | -6/Extension | Identified exit to Cetus 4096 | -6/Extension | Entered Cetus 4096 | -6/Cetus | Accompanied by 8 allies (A7) 4101 | -6/Cetus | Acquired a Cetus Manufacturing Module code from A7 4112 | -6/Cetus | Spotted Cetus Guard 4112 | -6/Cetus | Spotted Cetus Guard 4113 | -6/Cetus | Destroyed Cetus Guard 4117 | -6/Cetus | Spotted Cetus Guard 4119 | -6/Cetus | Spotted Cetus Guard 4131 | -6/Cetus | Allies destroyed Cetus Guard 4132 | -6/Cetus | Allies destroyed Cetus Guard 4141 | -6/Cetus | Allies destroyed Cetus Guard 4231 | -6/Cetus | Started Cetus Manufacturing Module 4256 | -6/Cetus | Manufactured an Enhanced Grunt 4281 | -6/Cetus | Manufactured an Enhanced Grunt 4306 | -6/Cetus | Manufactured an Enhanced Grunt 4331 | -6/Cetus | Manufactured an Enhanced Grunt 4356 | -6/Cetus | Manufactured an Enhanced Grunt 4468 | -6/Cetus | Discovered new exit (range 16) 4488 | -6/Cetus | Identified exit to Archives 4513 | -6/Cetus | Entered Archives 4513 | -6/Archives | Accompanied by 11 allies (A7) 4574 | -6/Archives | Met Zhirov 4580 | -6/Archives | Reinforcements dispatched to Archives 4581 | -6/Archives | Unable to access archive contents 4611 | -6/Archives | Read partially decrypted archive contents 4613 | -6/Archives | Read partially decrypted archive contents 4613 | -6/Archives | Read partially decrypted archive contents 4618 | -6/Archives | Discovered new exit (range 13) 4625 | -6/Archives | Reinforcements dispatched to Archives 4627 | -6/Archives | Zhirov warped through subspace 4633 | -6/Archives | Unable to access archive contents 4639 | -6/Archives | Discovered new exit (range 13) 4645 | -6/Archives | Zhirov detonated Archives 4656 | -6/Archives | Identified exit to Hub_04(d) 4658 | -6/Archives | Entered Hub_04(d) 4676 | -6/Hub_04(d) | Lost 10 parts (1p5n2u2w) 4676 | -6/Hub_04(d) | Lost 10 allies 4882 | -6/Hub_04(d) | Core integrity fell below 50% 4922 | -6/Hub_04(d) | Lost 3 parts (2n1w) 5202 | -6/Hub_04(d) | Discovered exit to Factory (range 5) 5242 | -6/Hub_04(d) | Entered Factory 5242 | -5/Factory | Evolved 2 slots: Utility x2 5286 | -5/Factory | Discovered new exit (range 14) 5321 | -5/Factory | Identified exit to Factory 5346 | -5/Factory | Entered another Factory area 5346 | -4/Factory | Evolved 2 slots: Propulsion x1, Utility x1 5507 | -4/Factory | Identified exit to DSF 5512 | -4/Factory | Spotted B-86 Titan 5603 | -4/Factory | Build established: Scavenger-Assassin 6713 | -4/Factory | Discovered new exit (range 12) 6834 | -4/Factory | Identified exit to Armory 6837 | -4/Factory | Entered Armory 6862 | -4/Armory | Lost 14 parts (5n5u4w) 7026 | -4/Armory | Lost 4 parts (3n1u) 7226 | -4/Armory | Lost 6 parts (1p3n2u) 7294 | -4/Armory | Core integrity fell below 50% 7313 | -4/Armory | Core integrity fell below 20% 7318 | -4/Armory | Destroyed by L-61 Swordsman with Power Sword Last Messages --------------- 07289_ Lgt. Antimatter Reactor destroyed. 07291_ Myomer Leg severed. 07293_ Myomer Leg destroyed. 07293_ Acquired Flexi-carbon Leg. 07294_ Flexi-carbon Leg severed. 07295_ Structural Scanner severed. 07297_ Acquired Flexi-carbon Leg. 07300_ Nanoactuators destroyed. 07304_ Flexi-carbon Leg destroyed. 07304_ Adv. Focal Shield destroyed. 07308_ Lrg. Storage Unit destroyed. 07311_ Slug penetrates L-61 Swordsman. 07311_ Slug penetrates G-67 Veteran. 07312_ Enh. Force Lance severed. 07312_ Enh. Force Lance crushed and broken. 07312_ Railgun severed. 07312_ Railgun crushed and broken. 07315_ 1WA7 %GMBHCDM8DLAO>AIWDZ7ZN 07318_ Field Laser severed. 07318_ Field Laser crushed and broken. Map ----- +----------------------------------------------------+ | ???????????????????????????????????????? | | ???????????????????????????????????????? | | ???????????????????????????????????????? | | ???????????????????????????????????????? | | ???????????????????????????????????????? | | ???????????????????????????????????????? | | ???????????????????????????????????????? | | ???????????????????????????????????????? | | ???????????????????????????????????????? | | ?????????????????##########????????????? | | ???????????????? ##########????????????? | | ???????????????? + ##????????????? | | ????????? # ? ###???????????? | | ?????????######### ###???????????? | | ????????? ???????????? | | ???????????? ????????????? | | ????????????? ##????????????? | | ????????????? "" # ????????????? | | ??????????????? """ # ????????????? | | ???????????????## F" # ????????????? | | ???????????????## """ # ????????????? | | ??????????????? # "" + ????????????? | | ??????????????? # # ????????????? | | ??????????????? # == # ##???????? | | ??????????????? # ##g#########???????? | | ??????????????? # ##ggl@[//]##????#??? | | ????? ??????? # ##!=l[[]![##??? #??? | | ????? ????? # ##""""""""##??? ##?? | | ?????? ?????## ## ?????? ##??? ##?? | | ??????"" ####### ## ## ##?? | | ?## ??"" ####### ############+## ##?? | | ?## ??"" # ## ##?? | | ?## """ # ## ##?? | | ?## """ # ## ##?? | | ?## # # ##?? | | ?## # // # ##?? | | ?## """ # // # ##?? | | ?## """ # // # ##?? | | ?## """ + // # ##?? | | ?## """ ##### + ##?? | | ?## """ ##### # ##?? | | ?## ##?## # ##?? | | ?## ##?## # ###? | | ?## ##?######+##+##### ###? | | ?##+# ##? # ##? | | ? # ##????????????? # "" ##? | | ??? # ##????????????? # T" ##? | | ??? # ##????????????? # ##? | | ??? # ##??????""????? ## ###? | | ??? + ##??? ????? ## ###? | +----------------------------------------------------+ Best States ------------- Heat Dissipation 81 Energy Generation 25 Energy Capacity 350 Matter Stores 300 Matter Capacity 300 Sight Range 20 Robot Scan Range 16 Terrain Scan Density 10 Jamming Range 12 Power Amplification 20 Armor Coverage 600 Resistance: KI 30 Propulsion Shielding 66 Weapon Cycling 30 Melee Speed Boost 30 Evasion (%) 55 Melee Accuracy 6 Recoil Reduction 6 Matter Filtering 30 Offensive Hacking 12 Item Schematics ----------------- Cargo Storage Unit | -9/Materials | Hacked Robot Schematics ------------------ None Fabricated ------------ Nothing Repaired ---------- Rocket Launcher | 64% | -10/Materials Hrd. Light Armor Plating | 54% | -9/Materials Studied --------- None Alien Tech Used ----------------- None Achievements -------------- Project G-00 Challenges ------------ None Game ------ Seed BehemothLaunchGenerator Manual? 0 Play Time 01:41:14 Cumulative 58.5 hours Start 2026.01.23 @ 08:25:44 End 2026.01.23 @ 10:07:15 Sessions 1 Manual Loads 0 Difficulty Rogue Special Mode None Game No. 38 Rogue 34 Adventurer 4 Explorer 0 Win Type - Total 1 Types 1/0/0/0/0/0/0/0/0/0 Lore% 36 Gallery% 36 Achievement% 29 Wizard Run 0 Options --------- Layout 1 ASCII 0 Keyboard 1 Movement Vi Keybinds 0 Fullscreen 0 Font 20/SmallcapsGlow Map View 50x35 Zoom Use 0% Tactical HUD 1 Map Filters NONE Filters NONE Steam 1 RUN: ea988530-e66d-4088-ad2f-a2c43f091c38